[Event "Titled Tuesday Blitz January 31 Early 2023"]
[White "Lauridsen, Jesper Morch"]
[Black "Iljin, Timofey"]
[WhiteFideId "1401890"]
[BlackFideId "14110180"]
[WhiteElo "2309"]
[BlackElo "2329"]
[Result "0-1"]
[Round "04"]
[TimeControl "180+2"]
[Date "2023.01.31"]
[WhiteClock "0:00:01"]
[BlackClock "0:01:25"]

1. Nf3 d5 2. b3 Nf6 3. e3 Bf5 4. Bb2 e6 5. d4 Nbd7 6. Be2 h6 7. O-O Bd6 8. c4 c6 9. Nc3 O-O 10. a3 Re8 11. c5 Bc7 12. Na4 Qb8 13. b4 e5 14. dxe5 Nxe5 15. Nxe5 Bxe5 16. Bxe5 Qxe5 17. Bf3 Ne4 18. Bxe4 Bxe4 19. Qd4 Qg5 20. f3 Bc2 21. f4 Qe7 22. Nc3 Qxe3+ 23. Qxe3 Rxe3 24. Rf3 Rxf3 25. gxf3 d4 26. Ne4 Bxe4 27. fxe4 Re8 28. Re1 d3 29. e5 f6 30. Rd1 fxe5 31. fxe5 Rxe5 32. Rxd3 Rd5 33. Rf3 Rd7 34. Kg2 a6 35. Kg3 g6 36. h4 Rd4 37. Re3 Kf7 38. Rb3 Ke6 39. Re3+ Kd5 40. Re7 Rd3+ 41. Kf4 Rxa3 42. Rxb7 Ra4 43. h5 gxh5 44. Kf5 Kc4 45. Rc7 Rxb4 46. Rxc6 Rb5 47. Rxa6 Rxc5+ 48. Kf4 Kd3 49. Rxh6 Ke2 50. Kg3 Ke3 51. Kh4 Kf4 52. Kh3 Kg5 53. Rh8 Rc3+ 54. Kg2 Kh4 55. Kf2 Rc2+ 56. Kf3 Rc1 57. Kg2 Rc7 58. Kh2 Rc2+ 59. Kg1 Kg4 60. Rg8+ Kh3 61. Rh8 h4 62. Rg8 Rc1+ 63. Kf2 Kh2 64. Kf3 h3 65. Rh8 Rc7 66. Kf2 Rf7+ 67. Ke1 Rg7 68. Rf8 Kh1 69. Rf1+ Rg1 70. Kf2 h2 71. Ke2 Kg2 72. Rf2+ Kg3 73. Rf3+ Kg4 0-1


[Site "https://www.chess.com"]

[Event "Titled Tuesday Blitz January 31 Early 2023"]
[White "Cueto, Jonny"]
[Black "Vetokhin, Ilia"]
[WhiteFideId "3300145"]
[BlackFideId "24156078"]
[WhiteElo "2122"]
[BlackElo "2305"]
[Result "0-1"]
[Round "04"]
[TimeControl "180+2"]
[Date "2023.01.31"]
[WhiteClock "0:00:01"]
[BlackClock "0:00:10"]

1. d4 Nf6 2. Bf4 g6 3. Nc3 d5 4. e3 Bg7 5. h4 O-O 6. h5 gxh5 7. Be2 c5 8. Qd2 Qa5 9. O-O-O a6 10. Be5 b5 11. Bxf6 exf6 12. Rxh5 Be6 13. Kb1 b4 14. Nxd5 Nc6 15. Nf3 Rfd8 16. e4 f5 17. Qg5 Rxd5 18. exd5 Bxd5 19. b3 Be4 20. Bd3 h6 21. Rxh6 Bxd3 22. cxd3 Qb5 23. Kc2 Qa5 24. Kb2 c4 0-1


[Site "https://www.chess.com"]

[Event "Titled Tuesday Blitz January 31 Early 2023"]
[White "Szente Varga, Fruzsina"]
[Black "Melikhov, Evgeny V."]
[WhiteFideId "712264"]
[BlackFideId "4122046"]
[WhiteElo "2075"]
[BlackElo "2269"]
[Result "0-1"]
[Round "04"]
[TimeControl "180+2"]
[Date "2023.01.31"]
[WhiteClock "0:00:17"]
[BlackClock "0:00:30"]

1. e4 c5 2. Nf3 d6 3. d4 cxd4 4. Qxd4 Nc6 5. Bb5 Bd7 6. Qd3 a6 7. Bxc6 Bxc6 8. c4 Nf6 9. Nc3 e6 10. O-O Be7 11. b3 O-O 12. Bb2 b5 13. cxb5 axb5 14. Nd4 Qb6 15. Nxc6 Qxc6 16. Qxb5 Qxb5 17. Nxb5 Nxe4 18. f3 Nc5 19. Rfd1 d5 20. Bd4 Rfc8 21. Kf2 f6 22. Bb2 Kf7 23. Ke3 Rab8 24. Nd4 e5 25. Nf5 d4+ 26. Ke2 Ne6 27. Rac1 g6 28. Ng3 f5 29. Rxc8 Rxc8 30. Rc1 Rxc1 31. Bxc1 Nc5 32. Nf1 Ke6 33. Nd2 Kd5 34. Nc4 e4 35. fxe4+ fxe4 36. Bf4 d3+ 37. Kd2 Ne6 38. Nb6+ Kc6 39. Be3 Bb4+ 40. Kd1 Bc5 41. Nc4 Bxe3 42. Nxe3 Kc5 43. Kd2 Kd4 44. a4 Nc5 45. b4 Nxa4 46. Ng4 Nb6 47. Nf6 Nc4+ 48. Kd1 e3 49. Nxh7 e2+ 50. Ke1 Ke3 51. Ng5 d2# 0-1


[Site "https://www.chess.com"]

[Event "Titled Tuesday Blitz January 31 Early 2023"]
[White "Ruge, Edison"]
[Black "Ansh M Shah"]
[WhiteFideId "4401000"]
[BlackFideId "25033379"]
[WhiteElo "2201"]
[BlackElo "2171"]
[Result "0-1"]
[Round "04"]
[TimeControl "180+2"]
[Date "2023.01.31"]
[WhiteClock "0:00:02"]
[BlackClock "0:00:05"]

1. e4 c6 2. d3 d5 3. Nd2 e6 4. Ngf3 Nf6 5. g3 Be7 6. Bg2 O-O 7. O-O b6 8. Re1 Bb7 9. c3 c5 10. e5 Nfd7 11. d4 Nc6 12. Nb3 a5 13. a4 cxd4 14. cxd4 Ba6 15. Bd2 Rc8 16. Bf1 Bxf1 17. Rxf1 Bb4 18. Rc1 Bxd2 19. Qxd2 Nb4 20. Rc3 Rc4 21. Rfc1 Qc8 22. Rxc4 dxc4 23. Qe2 Nd3 24. Rc3 Qa6 25. Na1 Rc8 26. Qc2 h6 27. Nd2 Nb4 28. Qe4 Nd5 29. Rc1 b5 30. Nb1 b4 31. Nc2 N7b6 32. Ne3 Nxe3 33. fxe3 Nxa4 34. d5 exd5 35. Qxd5 Nxb2 36. Nd2 c3 37. Ne4 Qc6 38. Qd4 Qc4 39. Qd7 Qc7 40. Qd5 Rd8 41. Nd6 c2 42. Qb3 Qc3 43. Qxf7+ Kh8 44. Qf5 Qxe3+ 45. Kg2 Qxc1 46. Nf7+ Kg8 47. Nxd8 Qd2+ 48. Kh3 Qxd8 49. Qxc2 Qd7+ 50. Kg2 Qd5+ 51. Kh3 Qxe5 52. Qc8+ Kf7 53. Qd7+ Kf6 54. Qd8+ Qe7 55. Qd4+ Qe5 56. Qd8+ Kg6 0-1


[Site "https://www.chess.com"]

[Event "Titled Tuesday Blitz January 31 Early 2023"]
[White "Mitrovic, Darko R"]
[Black "Novikova, Galina"]
[WhiteFideId "927023"]
[BlackFideId "4157095"]
[WhiteElo "2220"]
[BlackElo "2073"]
[Result "1-0"]
[Round "04"]
[TimeControl "180+2"]
[Date "2023.01.31"]
[WhiteClock "0:00:11"]
[BlackClock "0:00:17"]

1. d4 e6 2. Nf3 f5 3. g3 Nf6 4. Bg2 Be7 5. O-O d6 6. c4 O-O 7. Nc3 a5 8. Qc2 Nc6 9. e4 e5 10. dxe5 dxe5 11. exf5 e4 12. Nxe4 Bxf5 13. Nxf6+ Rxf6 14. Qb3 a4 15. Qe3 Re6 16. Qf4 Bg6 17. Ng5 Rf6 18. Qe3 Nb4 19. Bxb7 Nc2 20. Qe2 Bd3 21. Qh5 Bg6 22. Qg4 Nxa1 23. Bd5+ Kh8 24. Bxa8 Qxa8 25. Bf4 1-0


[Site "https://www.chess.com"]

[Event "Titled Tuesday Blitz January 31 Early 2023"]
[White "Orujov, Elshad"]
[Black "Kiseleva, Arina"]
[WhiteFideId "13403540"]
[BlackFideId "4164989"]
[WhiteElo "2304"]
[BlackElo "1962"]
[Result "1-0"]
[Round "04"]
[TimeControl "180+2"]
[Date "2023.01.31"]
[WhiteClock "0:00:05"]
[BlackClock "0:00:02"]

1. e4 c6 2. d4 d5 3. Nc3 dxe4 4. Nxe4 Nf6 5. Nxf6+ exf6 6. Be3 Bd6 7. Bd3 O-O 8. Ne2 Na6 9. c4 Nc7 10. Qc2 g6 11. O-O-O Be6 12. h4 b5 13. h5 bxc4 14. Bxc4 Bxc4 15. Qxc4 Nd5 16. Kb1 Nxe3 17. fxe3 Kg7 18. Nc3 Qe7 19. e4 Rab8 20. hxg6 fxg6 21. Rhe1 Rb4 22. Qxc6 Rfb8 23. Re2 R8b6 24. Qc8 Qb7 25. Qxb7+ Rxb7 26. b3 Rc4 27. Kb2 Rc8 28. e5 fxe5 29. dxe5 Bb4 30. Nd5 Rd8 31. Re4 a5 32. Red4 Kf7 33. Nxb4 Rxd4 34. Rxd4 axb4 35. Rd5 Ke6 36. Rc5 Rf7 37. Kc2 Rf2+ 38. Kd3 Rxa2 39. g4 Rb2 40. Kc4 Rg2 41. Kxb4 Rxg4+ 42. Kc3 Rg3+ 43. Kb2 h5 44. b4 Rg4 45. Kb3 h4 46. b5 Rg1 47. Kb2 g5 48. b6 Rg2+ 49. Rc2 Rxc2+ 50. Kxc2 h3 51. b7 h2 52. b8=Q h1=Q 53. Qd6+ Kf5 54. Qf6+ Kg4 55. e6 Qg2+ 56. Kd3 Qg3+ 57. Kc4 Qg2 58. e7 Qc2+ 59. Kd5 Qd2+ 60. Ke6 Qe2+ 61. Kf7 1-0


[Site "https://www.chess.com"]

[Event "Titled Tuesday Blitz January 31 Early 2023"]
[White "Player, Edmund C"]
[Black "Sychev, Klementy"]
[WhiteFideId "406520"]
[BlackFideId "4114060"]
[WhiteElo "2204"]
[BlackElo "2547"]
[Result "0-1"]
[Round "04"]
[TimeControl "180+2"]
[Date "2023.01.31"]
[WhiteClock "0:00:25"]
[BlackClock "0:01:23"]

1. e4 e5 2. Nf3 Nc6 3. Bb5 a6 4. Ba4 b5 5. Bb3 Na5 6. Nxe5 Nxb3 7. axb3 Qe7 8. d4 d6 9. Nf3 Qxe4+ 10. Qe2 Qxe2+ 11. Kxe2 Bf5 12. c3 Kd7 13. Re1 Nf6 14. Bg5 Be7 15. Nbd2 h6 16. Bh4 g5 17. Bg3 Nd5 18. Kf1 h5 19. h4 gxh4 20. Bxh4 Bd3+ 21. Kg1 Bxh4 22. Nxh4 Rhg8 23. Kh2 Rg4 24. g3 Rag8 25. Nf1 Bxf1 26. Rxf1 b4 27. c4 Nf6 28. Rxa6 Rxd4 29. Ra4 Ng4+ 30. Kg1 Ne5 31. Rxb4 Rxh4 32. Kg2 Rd4 33. Rb5 h4 34. c5 hxg3 35. cxd6 gxf2+ 36. Kxf2 Rf4+ 37. Ke1 Nd3+ 38. Ke2 Re8+ 39. Kxd3 Rxf1 0-1


[Site "https://www.chess.com"]

[Event "Titled Tuesday Blitz January 31 Early 2023"]
[White "Abdisalimov, Abdimalik"]
[Black "Bernat, David"]
[WhiteFideId "14206323"]
[BlackFideId "2099225"]
[WhiteElo "2492"]
[BlackElo "1862"]
[Result "0-1"]
[Round "04"]
[TimeControl "180+2"]
[Date "2023.01.31"]
[WhiteClock "0:01:09"]
[BlackClock "0:00:51"]

1. e4 c5 2. Nf3 g6 3. d4 cxd4 4. Qxd4 Nf6 5. Nc3 Nc6 6. Qa4 d6 7. e5 dxe5 8. Nxe5 Bg7 9. Nxc6 bxc6 10. Be2 O-O 11. O-O Qc7 12. Bf4 Qb6 13. Qb3 Be6 14. Na4 Qd4 15. Be3 Bxb3 16. Bxd4 Bxa4 17. b3 Bb5 18. c4 Ba6 19. Rad1 Rfd8 20. Bf3 Bb7 21. Bc5 e5 22. Be7 Rxd1 23. Rxd1 Re8 24. Bxf6 Bxf6 25. Rd7 Bc8 26. Rxa7 e4 27. Be2 Rd8 28. Kf1 Kg7 29. Rc7 Bd7 30. a3 Be5 31. Ra7 Be6 32. a4 Rd2 33. g3 Bh3+ 34. Ke1 Bc3 35. Ra6 c5 36. f3 Rd6+ 0-1


[Site "https://www.chess.com"]

[Event "Titled Tuesday Blitz January 31 Early 2023"]
[White "Schut, Han"]
[Black "Grigorov, Grigor"]
[WhiteFideId "1005561"]
[BlackFideId "2907313"]
[WhiteElo "2101"]
[BlackElo "2510"]
[Result "0-1"]
[Round "04"]
[TimeControl "180+2"]
[Date "2023.01.31"]
[WhiteClock "0:00:59"]
[BlackClock "0:02:05"]

1. e4 c6 2. d4 d5 3. e5 Bf5 4. Nf3 e6 5. Be2 c5 6. Be3 Qb6 7. Nc3 c4 8. O-O Qxb2 9. Qb1 Ba3 10. Nb5 Bxc2 11. Nc7+ Kd7 12. Qxb2 Bxb2 13. Nxa8 Bxa1 14. Rxa1 Nc6 15. Ng5 Nh6 16. Rc1 Bg6 17. h4 Rxa8 18. h5 Bf5 19. g4 Bxg4 20. Bxg4 Nxg4 21. Nxf7 b5 22. Nd6 b4 23. Bd2 Nxd4 0-1


[Site "https://www.chess.com"]

[Event "Titled Tuesday Blitz January 31 Early 2023"]
[White "Zanette, Edgard Vinicius"]
[Black "Tristan, Leonardo"]
[WhiteFideId "2109263"]
[BlackFideId "113816"]
[WhiteElo "2085"]
[BlackElo "2545"]
[Result "0-1"]
[Round "04"]
[TimeControl "180+2"]
[Date "2023.01.31"]
[WhiteClock "0:01:16"]
[BlackClock "0:02:24"]

1. e4 d5 2. exd5 Qxd5 3. Nc3 Qa5 4. d4 Nf6 5. Nf3 Bf5 6. Ne5 c6 7. Bc4 e6 8. O-O Nbd7 9. Nxd7 Nxd7 10. Bb3 Bd6 11. Qe2 O-O-O 12. Ne4 Bb8 13. Ng3 Bg6 14. c4 h5 15. h4 Nf6 16. Bg5 Rxd4 17. Bxf6 gxf6 18. Rad1 Qe5 19. Qxe5 Bxe5 20. Ne2 Rxh4 21. g3 Re4 22. Nc3 Rd4 23. Rxd4 Bxd4 24. Rd1 Rd8 25. Kg2 Kc7 26. Ne2 Bxb2 27. Rxd8 Kxd8 28. Nf4 Ke7 29. c5 Bd4 30. Nxg6+ fxg6 31. Bc2 g5 0-1


[Site "https://www.chess.com"]

[Event "Titled Tuesday Blitz January 31 Early 2023"]
[White "Miranda Jr, Roberto Calheiros de"]
[Black "Golubev, Mikhail"]
[WhiteFideId "2109417"]
[BlackFideId "14100983"]
[WhiteElo "2182"]
[BlackElo "2461"]
[Result "0-1"]
[Round "04"]
[TimeControl "180+2"]
[Date "2023.01.31"]
[WhiteClock "0:01:45"]
[BlackClock "0:01:56"]

1. e4 c5 2. Nf3 d6 3. d4 Nf6 4. Nc3 cxd4 5. Nxd4 g6 6. Be2 Bg7 7. g4 Nc6 8. Nxc6 bxc6 9. Be3 Rb8 10. Rb1 Qa5 11. g5 Nxe4 12. O-O Nxg5 13. b4 Qf5 14. Bd3 Nf3+ 15. Kh1 Qh5 0-1


[Site "https://www.chess.com"]

[Event "Titled Tuesday Blitz January 31 Early 2023"]
[White "Kleiman, Jake"]
[Black "Abdilkhair, Abilmansur"]
[WhiteFideId "2020041"]
[BlackFideId "13716417"]
[WhiteElo "2399"]
[BlackElo "2268"]
[Result "0-1"]
[Round "04"]
[TimeControl "180+2"]
[Date "2023.01.31"]
[WhiteClock "0:00:03"]
[BlackClock "0:00:06"]

1. c4 e6 2. Nf3 d5 3. g3 Nf6 4. Bg2 c6 5. O-O Be7 6. d4 O-O 7. Nc3 dxc4 8. Ne5 Nd5 9. Nxc4 Nd7 10. e4 Nxc3 11. bxc3 b6 12. e5 Ba6 13. Qb3 Rc8 14. Re1 c5 15. Nd6 Bxd6 16. exd6 cxd4 17. cxd4 Nb8 18. d5 exd5 19. Qxd5 Bc4 20. Qd2 Na6 21. Ba3 Nc5 22. Qd4 Be6 23. Bb2 Qg5 24. h4 Qg4 25. Qxg4 Bxg4 26. Re7 Rfd8 27. Rae1 Nd3 28. Rb1 Rxd6 29. Rxa7 h5 30. Ba3 Rf6 31. Rf1 Be2 32. Be7 Bxf1 33. Bxf1 Rxf2 34. Bxd3 Rd2 35. Bf1 Rc3 36. Ra3 Rxa3 37. Bxa3 Rxa2 38. Bd6 Rd2 39. Bf4 Rb2 40. Be5 Rb1 41. Kf2 f6 42. Bf4 Kh8 43. Bd3 Rb3 44. Bg6 Rb5 45. Ke3 Rd5 46. Ke4 Rc5 47. Be3 Rc4+ 48. Kf3 b5 49. Bxh5 b4 50. Bf7 Rc3 51. Ke4 b3 52. g4 b2 53. Ba2 Rc1 54. Kf5 b1=Q+ 55. Bxb1 Rxb1 56. h5 Rb5+ 57. Kg6 Rb3 58. Bf4 Rb4 59. Kf5 Kh7 60. g5 Rb5+ 61. Kg4 f5+ 62. Kh4 Rb3 63. g6+ Kg8 64. Kg5 Rb5 65. Bd6 Rd5 66. Bf4 Ra5 67. Bd6 f4+ 68. Kg4 f3 69. Bg3 Ra3 70. Bf2 Rc3 71. Kg3 Kf8 72. Kg4 Ke7 73. Bd4 Rc4 74. h6 gxh6 75. Kxf3 Rxd4 0-1


[Site "https://www.chess.com"]

[Event "Titled Tuesday Blitz January 31 Early 2023"]
[White "Vestby-Ellingsen, Mads"]
[Black "Koridze, Lile"]
[WhiteFideId "1520857"]
[BlackFideId "13612514"]
[WhiteElo "2387"]
[BlackElo "2191"]
[Result "1-0"]
[Round "04"]
[TimeControl "180+2"]
[Date "2023.01.31"]
[WhiteClock "0:00:17"]
[BlackClock "0:01:23"]

1. d4 Nf6 2. Nf3 d5 3. Bf4 e6 4. Nbd2 Bd6 5. e3 O-O 6. c3 c5 7. Bd3 Nc6 8. dxc5 Bxc5 9. e4 Qb6 10. O-O dxe4 11. Nxe4 Be7 12. Qc2 h6 13. Rad1 Qa5 14. b4 Qh5 15. Bd6 Nxe4 16. Bxe4 Bxd6 17. Rxd6 e5 18. Bxc6 bxc6 19. Qe4 Be6 20. Qxe5 Qg4 21. Rxc6 Bxa2 22. Ra1 Rae8 23. Qd4 Qxd4 24. Nxd4 Bd5 25. Rca6 Rc8 26. R6a3 Rc7 27. f3 a6 28. Kf2 Rfc8 29. Rc1 Rb8 30. Ra5 Bc4 31. Ke3 Re8+ 32. Kd2 Rd7 33. Re1 Rxe1 34. Kxe1 Rc7 35. Kd2 Rd7 36. Rc5 Be6 37. Ke3 Bd5 38. c4 Bb7 39. Ra5 Re7+ 40. Kd2 Rd7 41. Kc3 Re7 42. c5 Rc7 43. Ra1 Bc8 44. Kc4 Bb7 45. Re1 Kh7 46. Nf5 Bc6 47. Re7 Bb5+ 48. Kd4 Rc8 49. Nd6 Rd8 50. Rxf7 Kg6 51. Re7 Kf6 52. Re1 Rd7 53. Kd5 Re7 54. Rxe7 Kxe7 55. Nf5+ Kf6 56. Nd4 1-0


[Site "https://www.chess.com"]

[Event "Titled Tuesday Blitz January 31 Early 2023"]
[White "Girya, Olga"]
[Black "Lakshmi C"]
[WhiteFideId "4195752"]
[BlackFideId "25035347"]
[WhiteElo "2402"]
[BlackElo "1928"]
[Result "1-0"]
[Round "04"]
[TimeControl "180+2"]
[Date "2023.01.31"]
[WhiteClock "0:01:51"]
[BlackClock "0:01:29"]

1. d4 Nf6 2. Nf3 e6 3. c4 b6 4. g3 Bb7 5. Bg2 Be7 6. O-O Kf8 7. Nc3 Ne4 8. Qc2 Nxc3 9. Qxc3 f5 10. Ne5 Bxg2 11. Kxg2 d6 12. Nd3 Bf6 13. Nf4 Qe7 14. Qf3 c6 15. d5 cxd5 16. cxd5 e5 17. Ne6+ Kf7 18. Qxf5 g6 19. Qf3 h6 20. Be3 Nd7 21. Rac1 Nc5 22. Bxc5 bxc5 23. b4 Rhc8 24. bxc5 dxc5 25. Rc4 Rab8 26. Rfc1 Rb5 27. a4 1-0


[Site "https://www.chess.com"]

[Event "Titled Tuesday Blitz January 31 Early 2023"]
[White "Vaglio Munoz, Jaime"]
[Black "Mkrtchian, Lilit"]
[WhiteFideId "6500145"]
[BlackFideId "13300601"]
[WhiteElo "2174"]
[BlackElo "2389"]
[Result "1/2-1/2"]
[Round "04"]
[TimeControl "180+2"]
[Date "2023.01.31"]
[WhiteClock "0:00:49"]
[BlackClock "0:00:02"]

1. d4 Nf6 2. c4 e6 3. a3 d5 4. e3 b6 5. cxd5 exd5 6. Nf3 Bd6 7. Bb5+ c6 8. Bd3 Nbd7 9. Qc2 Bb7 10. b4 a5 11. bxa5 Rxa5 12. O-O O-O 13. Nbd2 c5 14. dxc5 bxc5 15. Bb2 c4 16. Bf5 Qc7 17. h3 Ne5 18. Nd4 g6 19. Bg4 Nexg4 20. hxg4 Nxg4 21. Bc3 Rxa3 22. Rxa3 Bxa3 23. N2f3 Bc5 24. Nf5 d4 25. exd4 Bxf3 26. Ng3 Bd6 27. gxf3 Bxg3 28. fxg4 Bf4 29. Qe4 Bh6 30. f4 Qd7 31. f5 Re8 32. Qf3 Be3+ 33. Kg2 g5 34. d5 Bf4 35. Qd1 Rd8 36. Qd4 Qxd5+ 37. Qxd5 Rxd5 38. Rf3 Rd3 39. Bf6 Rxf3 40. Kxf3 Kf8 41. Ke4 Ke8 42. Kd4 Kd7 43. Kxc4 Kd6 44. Kd4 Kc6 45. Ke4 Kd6 46. Kd4 Kc6 47. Ke4 Kc5 48. Be7+ Kc4 49. f6 Kc3 50. Kf5 Kd3 51. Bf8 Ke3 52. Bh6 Kf3 53. Bg7 Kg3 54. Bh6 Kh4 55. Bf8 h5 56. gxh5 Kxh5 57. Bc5 Bd2 58. Bf2 g4 59. Bg3 Bg5 60. Ke4 Bh4 61. Bf4 Bxf6 62. Kf5 Bh4 63. Ke4 g3 64. Kf3 Kg6 65. Be5 Kf5 66. Bd6 f6 67. Bc7 Kg5 68. Bd8 Kf5 69. Bc7 Ke6 70. Bd8 Kf5 71. Bc7 1/2-1/2


[Site "https://www.chess.com"]

[Event "Titled Tuesday Blitz January 31 Early 2023"]
[White "De Souza, Cristiano Gomes"]
[Black "Erzhanov, Arman"]
[WhiteFideId "2151758"]
[BlackFideId "4138821"]
[WhiteElo "2018"]
[BlackElo "2228"]
[Result "0-1"]
[Round "04"]
[TimeControl "180+2"]
[Date "2023.01.31"]
[WhiteClock "0:00:16"]
[BlackClock "0:00:22"]

1. d4 d6 2. c4 e5 3. dxe5 dxe5 4. Qxd8+ Kxd8 5. Nc3 c6 6. e4 Be6 7. Be3 Nd7 8. a3 Kc7 9. Rc1 f6 10. Nf3 a5 11. Nd2 Bc5 12. Bxc5 Nxc5 13. Nd5+ Kd6 14. Ne3 Ne7 15. b4 axb4 16. axb4 Na6 17. c5+ Kc7 18. Rb1 Rhd8 19. Bc4 Bc8 20. Ke2 Rd4 21. Rhc1 f5 22. f3 fxe4 23. Nxe4 Nf5 24. Ng4 Nh4 25. Nxe5 Nxg2 26. Rg1 Bh3 27. Kf2 Re8 28. Bxa6 bxa6 29. Nf7 Nf4 30. Rxg7 Ne6 31. Rxh7 Bf5 32. Rh4 Bxe4 33. Rxe4 Rxe4 34. fxe4 Rf8 35. Ke3 Rxf7 36. Ra1 Kb7 37. Rg1 Rh7 38. Rg6 Rh3+ 39. Kf2 Rxh2+ 40. Kg3 Rg2+ 41. Kxg2 Nf4+ 42. Kf3 Nxg6 43. Kg4 Kc7 44. Kf5 Nf8 45. Kf6 Kd7 46. Kf5 Ke7 47. e5 Nd7 48. Ke4 Ke6 49. Kd4 Nxe5 50. Kc3 Kd5 51. Kb3 Nd3 52. Ka4 Kc4 53. Ka5 Nxb4 54. Kb6 Kd4 55. Ka5 Kxc5 0-1


[Site "https://www.chess.com"]

[Event "Titled Tuesday Blitz January 31 Early 2023"]
[White "Belenkaya, Dina"]
[Black "Dilmukhametov, Artur"]
[WhiteFideId "24142654"]
[BlackFideId "24179922"]
[WhiteElo "2267"]
[BlackElo "2276"]
[Result "1-0"]
[Round "04"]
[TimeControl "180+2"]
[Date "2023.01.31"]
[WhiteClock "0:00:21"]
[BlackClock "0:00:09"]

1. Nf3 Nf6 2. g3 g6 3. Bg2 Bg7 4. d3 d6 5. Nbd2 O-O 6. e4 e5 7. O-O Ne8 8. c3 f5 9. Qe2 f4 10. d4 fxg3 11. hxg3 Nc6 12. Nb3 Bg4 13. d5 Ne7 14. Qd3 Nf6 15. c4 Qd7 16. c5 Bh3 17. Ng5 Bxg2 18. Kxg2 c6 19. Ne6 Rfe8 20. Nxg7 Kxg7 21. dxc6 Qxc6 22. cxd6 Nc8 23. f3 Nb6 24. Bg5 Red8 25. Rfd1 Nc4 26. d7 Nb6 27. Qd6 Qxd6 28. Rxd6 Rxd7 29. Bxf6+ Kf7 30. Rxd7+ Nxd7 31. Bg5 Rc8 32. Rd1 Ke6 33. Rd2 Nf6 34. Kf2 Ng8 35. Be3 a6 36. Nc5+ Ke7 37. Nxb7 Rb8 38. Bc5+ Ke8 39. Nd6+ Ke7 40. b4 Nf6 41. Nc4+ Ke6 42. Rd6+ Kf7 43. Nxe5+ Kg7 44. Rxf6 1-0


[Site "https://www.chess.com"]

[Event "Titled Tuesday Blitz January 31 Early 2023"]
[White "Mosquera, Miguel"]
[Black "Ciuffoletti, Paolo"]
[WhiteFideId "4401131"]
[BlackFideId "807630"]
[WhiteElo "2371"]
[BlackElo "2106"]
[Result "0-1"]
[Round "04"]
[TimeControl "180+2"]
[Date "2023.01.31"]
[WhiteClock "0:00:11"]
[BlackClock "0:00:44"]

1. e4 c5 2. Nf3 Nc6 3. d4 cxd4 4. Nxd4 Nf6 5. Nc3 e5 6. Ndb5 d6 7. Be3 a6 8. Na3 b5 9. Nd5 Nxd5 10. exd5 Nb8 11. c4 Be7 12. cxb5 O-O 13. Be2 f5 14. O-O f4 15. Bd2 e4 16. f3 Bf6 17. Rb1 e3 18. Bc3 Bf5 19. Bd3 Bxd3 20. Qxd3 Nd7 21. Bb4 Qb6 22. Nc4 Qd4 23. Qe2 axb5 24. Bxd6 Qxc4 25. Qxc4 bxc4 26. Bxf8 Rxf8 27. Rfe1 Nc5 28. Re2 Rd8 29. Rd1 Nd3 30. b3 Nb2 31. Rb1 c3 32. Rc2 Rxd5 33. a4 Rd2 34. Rxd2 exd2 35. Kf1 c2 0-1


[Site "https://www.chess.com"]

[Event "Titled Tuesday Blitz January 31 Early 2023"]
[White "Sai Han Thiha"]
[Black "Clawitter, Craig"]
[WhiteFideId "13012290"]
[BlackFideId "2023105"]
[WhiteElo "2070"]
[BlackElo "2050"]
[Result "1-0"]
[Round "04"]
[TimeControl "180+2"]
[Date "2023.01.31"]
[WhiteClock "0:00:54"]
[BlackClock "0:00:53"]

1. d4 e6 2. c4 Nf6 3. Nf3 d5 4. Nc3 c6 5. e3 Nbd7 6. Bd3 dxc4 7. Bxc4 b5 8. Bd3 Bd6 9. e4 e5 10. dxe5 Nxe5 11. Nxe5 Bxe5 12. O-O O-O 13. h3 Re8 14. Be3 Bb7 15. Qd2 b4 16. Na4 Nxe4 17. Bxe4 Qa5 18. Qc2 g6 19. Nc5 1-0


[Site "https://www.chess.com"]

[Event "Titled Tuesday Blitz January 31 Early 2023"]
[White "Alhadad, Mahmoud"]
[Black "Kostiukov, Alexandr"]
[WhiteFideId "11501863"]
[BlackFideId "14108100"]
[WhiteElo "1840"]
[BlackElo "2271"]
[Result "0-1"]
[Round "04"]
[TimeControl "180+2"]
[Date "2023.01.31"]
[WhiteClock "0:00:03"]
[BlackClock "0:00:04"]

1. e4 c5 2. Nc3 g6 3. d4 cxd4 4. Qxd4 Nf6 5. Bb5 a6 6. Qa4 Nc6 7. Nf3 Bg7 8. Bf4 O-O 9. O-O-O Ng4 10. Bxc6 bxc6 11. Bg3 Qb6 12. Rd2 Bh6 13. h4 Bxd2+ 14. Nxd2 Nxf2 15. Re1 Ng4 16. e5 h5 17. Qf4 Rb8 18. b3 Qb4 19. Nde4 a5 20. e6 Qa3+ 21. Kb1 Rb4 22. Qg5 dxe6 23. Nf2 Nxf2 24. Bxf2 a4 25. Re4 axb3 26. cxb3 Rxe4 27. Nxe4 Qb4 28. Nf6+ exf6 29. Qxf6 Qe4+ 30. Kb2 Qf5 31. Qd4 e5 32. Qe3 Be6 33. Be1 Rd8 34. Bc3 Rd3 35. Qc5 Qe4 36. Bb4 Qe2+ 37. Ka3 Rd5 38. Qf8+ Kh7 39. Bc3 Qa6+ 40. Kb2 Qd3 41. Qb8 Rc5 42. Bxe5 Rxe5 43. Qxe5 Qf5 44. Qb8 Qf6+ 45. Ka3 Qxh4 46. g3 Qf6 47. b4 Kg7 48. Qd8 Qxd8 49. Ka4 Qd5 50. Ka3 Qxa2# 0-1


[Site "https://www.chess.com"]

[Event "Titled Tuesday Blitz January 31 Early 2023"]
[White "Vasques, Antonio Pedro Freixial"]
[Black "Osmonbekov, Talaibek"]
[WhiteFideId "1908332"]
[BlackFideId "2017253"]
[WhiteElo "2214"]
[BlackElo "2137"]
[Result "1-0"]
[Round "04"]
[TimeControl "180+2"]
[Date "2023.01.31"]
[WhiteClock "0:01:22"]
[BlackClock "0:00:01"]

1. e4 c5 2. Nf3 d6 3. d4 cxd4 4. Nxd4 Nf6 5. Nc3 g6 6. Be3 Bg7 7. f3 O-O 8. Qd2 Nc6 9. O-O-O d5 10. Nxc6 bxc6 11. exd5 cxd5 12. h4 Qa5 13. Kb1 Rb8 14. h5 Qb4 15. b3 a5 16. hxg6 hxg6 17. Bh6 Ne4 18. Nxe4 dxe4 19. Bxg7 Qxd2 20. Rxd2 Kxg7 21. fxe4 a4 22. Bc4 Bg4 23. e5 Rfc8 24. Rd4 Bf5 25. Kb2 Rc5 26. Re1 g5 27. g4 Bg6 28. e6 f6 29. Kc3 axb3 30. axb3 Be8 31. Ra1 Rb7 32. Ra8 Bc6 33. Rdd8 Rxb3+ 34. cxb3 Bxa8 35. Rxa8 Re5 36. b4 Re4 37. b5 Rxg4 38. b6 Rg1 39. b7 Rb1 40. Bb3 Rc1+ 41. Kb4 1-0


[Site "https://www.chess.com"]

[Event "Titled Tuesday Blitz January 31 Early 2023"]
[White "Silvestre, Christian"]
[Black "ritanovikova"]
[WhiteFideId "30956269"]
[WhiteElo "1942"]
[BlackElo "2206"]
[Result "0-1"]
[Round "04"]
[TimeControl "180+2"]
[Date "2023.01.31"]
[WhiteClock "0:00:08"]
[BlackClock "0:00:25"]

1. Nf3 Nf6 2. c4 e6 3. d4 Be7 4. Nc3 O-O 5. e4 d5 6. cxd5 exd5 7. e5 Ne4 8. Bd3 f5 9. exf6 Nxf6 10. O-O Bg4 11. h3 Bh5 12. Be2 Nbd7 13. Ne5 Bxe2 14. Qxe2 c6 15. Re1 Re8 16. Bf4 Bd6 17. Qf3 Qc7 18. Nxd7 Qxd7 19. Bxd6 Qxd6 20. Re3 Re6 21. Rae1 Rae8 22. Rxe6 Rxe6 23. Re3 Qe7 24. Qe2 Rxe3 25. Qxe3 Qxe3 26. fxe3 Kf7 27. Kf2 Ke6 28. Kf3 Kf5 29. g4+ Ke6 30. Kf4 h6 31. h4 Nd7 32. g5 hxg5+ 33. hxg5 g6 34. e4 dxe4 35. Nxe4 Kd5 36. Ke3 Nb6 37. Nc3+ Kd6 38. Ne4+ Kd5 39. Nc3+ Kc4 40. Ne4 Nd5+ 41. Kf3 Kxd4 42. Nd6 b5 43. Nf7 Kd3 44. Nh8 Ne7 45. Kf4 Kd4 46. Nf7 c5 47. Nd6 a6 48. Nf7 c4 49. Nh8 b4 50. Nf7 c3 51. bxc3+ bxc3 52. Nd6 c2 0-1


[Site "https://www.chess.com"]

[Event "Titled Tuesday Blitz January 31 Early 2023"]
[White "Thomas, Anysia"]
[Black "Avazkhonov, Alikhon"]
[WhiteFideId "670472"]
[BlackFideId "14208504"]
[WhiteElo "2147"]
[BlackElo "1538"]
[Result "0-1"]
[Round "04"]
[TimeControl "180+2"]
[Date "2023.01.31"]
[WhiteClock "0:00:17"]
[BlackClock "0:01:08"]

1. d4 Nf6 2. c4 e6 3. Nf3 Bb4+ 4. Nbd2 b6 5. g3 Bb7 6. Bg2 O-O 7. O-O d5 8. Ne5 Nbd7 9. a3 Bd6 10. Ndf3 c5 11. e3 dxc4 12. Nxc4 Bc7 13. b3 cxd4 14. Qxd4 Nc5 15. Qh4 Nxb3 16. Bb2 Nxa1 17. Bxa1 Rc8 18. Ng5 Bxg2 19. Bxf6 Qd3 20. e4 Qxf1# 0-1


[Site "https://www.chess.com"]